AoeStats
← LowEloNOTLegend

Arabia

506365652Analyzed
1v1 RM · 19d ago on Sep 13, 2026· 23m 38s· 2 players
Game mode
Random Map
Map size
Tiny (2 player)
Population
200
Speed
Normal
Resources
Standard
Victory
Conquest
Starting age
Dark Age
Ending age
Imperial Age
RankedLock teamsTeams togetherTeam positionsShared explorationLock speedFull tech treeHidden civsTurbo modeCheats
Victory
Defeat
🇺🇸 Burgundians · United States
1287
+14
🇮🇱 Dravidians · Israel
1244
-14
LowEloNOTLegend
3:22 Loom
9:48 Feudal Age
17:37 Castle Age
16:04 Double-Bit Axe
16:45 Fletching
17:43 Gold Mining
18:40 Bodkin Arrow
20:16 Scale Barding Armor
Robot
6:18 Loom
9:30 Feudal Age
8:33 Double-Bit Axe
10:05 Horse Collar
10:39 Bow Saw
17:39 Wheelbarrow
20:01 Castle Age
19:07 Forging
18:47 Fletching
18:59 Padded Archer Armor
20:21 Elite Skirmisher
20:59 Bodkin Arrow
21:56 Leather Archer Armor
Connection lost

Rejoining the realm…

Still unreachable

The connection could not be restored.

Session expired

The server has moved on; the page needs a fresh start.